 Dungeon Crawl Stone Soup version 0.24-a0-280-g7cec4da (webtiles) character file.

Game seed: 13278110081768391971

141 tbskm the Ruffian (level 5, -2/45 HPs)
             Began as a Draconian Transmuter on May 7, 2019.
             Was an Initiate of Okawaru.
             Killed by divine providence
             ... invoked by an orc priest
              (15 damage)
             ... on level 4 of the Dungeon.
             The game lasted 00:12:41 (3031 turns).

tbskm the Ruffian (Draconian Transmuter)            Turns: 3031, Time: 00:12:42

Health: -2/45      AC:  2    Str: 13    XL:     5   Next: 3%
Magic:  6/8        EV: 19    Int: 14    God:    Okawaru [......]
Gold:   143        SH:  0    Dex: 16    Spells: 2/8 levels left

rFire    + . .     SeeInvis .     - Unarmed
rCold    + . .     Gourm    .   (shield currently unavailable)
rNeg     . . .     Faith    .   (armour unavailable)
rPois    .         Spirit   .   (helmet currently unavailable)
rElec    +         Reflect  .   (cloak currently unavailable)
rCorr    +         Harm     .   (gloves currently unavailable)
MR       .....                  (boots currently unavailable)
Stlth    +.........             (no amulet)
HPRegen  0.15/turn              (no ring)
MPRegen  0.11/turn              (no ring)

@: spider-form (expiring), resistant
A: tiny, unfitting armour, AC +5
a: End Transformation, Renounce Religion


You were on level 4 of the Dungeon.
You worshipped Okawaru.
Okawaru was noncommittal.
You were not hungry.
You were a venomous arachnid creature.
You visited 1 branch of the dungeon, and saw 4 of its levels.

You collected 143 gold pieces.

Inventory:

Missiles
 a - 67 arrows
 o - 9 poisoned needles
Jewellery
 u - an uncursed ring of ice {unknown}
Wands
 w - a wand of flame (18)
Scrolls
 b - 2 scrolls of fear {unknown}
 d - 4 scrolls of identify {unknown}
 f - 4 scrolls of immolation {unknown}
 h - a scroll of enchant weapon {unknown}
 j - a scroll of random uselessness {unknown}
 n - 2 scrolls of fog {unknown}
 q - 3 scrolls of teleportation {unknown}
 s - 2 scrolls of enchant armour {unknown}
 t - a scroll of blinking {unknown}
 x - a scroll of amnesia {unknown}
Potions
 e - a potion of resistance
 g - 2 potions of flight {unknown}
 i - 4 potions of haste {unknown}
 k - a potion of heal wounds {unknown}
 l - a potion of might {unknown}
 m - a potion of brilliance {unknown}
 p - 2 potions of invisibility {unknown}
 r - a potion of ambrosia {unknown}
Comestibles
 c - 8 rations


   Skills:
 - Level 3.2 Fighting
 - Level 1.3 Throwing
 + Level 1.8 Dodging
 - Level 4.1 Unarmed Combat
 * Level 2.2 Spellcasting
 * Level 2.3 Transmutations
 - Level 0.1 Poison Magic


You had 2 spell levels left.
You knew the following spells:

 Your Spells              Type           Power        Failure   Level  Hunger
a - Beastly Appendage     Tmut           #.....       22%         1    #......
b - Spider Form           Tmut/Pois      #.........   61%         3    ###....
c - Sticks to Snakes      Tmut           #.......     30%         2    ###....

Your spell library contained the following spells:

 Spells                   Type           Power        Failure   Level  Hunger
 Ice Form                 Ice/Tmut       #.......     92%         4    #####..
 Blade Hands              Tmut           #.........   98%         5    ######.


Dungeon Overview and Level Annotations

Branches:
Dungeon (4/15)
 Temple: D:4-7

Altars:
Makhleb
Okawaru
Ru


Innate Abilities, Weirdness & Mutations

((Your plain brown scales are hard. (AC +5)))
You cannot fit into any form of body armour.
((You are cold-blooded and may be slowed by cold attacks.))


Message History

The orc priest casts a cantrip, but nothing happens.
The orc wizard hits you with a +1 dagger of holy wrath.
The orc closely misses you.
You hit the orc.
The orc is poisoned.
The orc is heavily wounded.
The orc wizard misses you. The orc closely misses you.
Okawaru accepts your kill.
You feel a bit more experienced.
Your transformation is almost over.
The orc wizard casts a spell at you. You resist with some effort.
All of the chunks of flesh in your inventory have rotted away.
The orc wizard gestures at you while chanting.
The puff of flame hits you!
* * * LOW HITPOINT WARNING * * *
It was a potion of resistance.
You feel protected.
The orc priest mumbles some strange prayers to Beogh against you.
Beogh smites you!
You die...

.##. #
#.####.#.......# #
....####.........#
..................#
####.####..........#
#.# #..........#
#.####[.........#
#..(.((.........#
####ooo.........#
#s..#..........#
#..###o.........
....## ##.......
###.# #...... ...
...... .... ......
.... ...# ....


You could see an orc priest, an orc wizard and an orc.

Vanquished Creatures
  A worker ant (D:3)
  2 adders
  An ooze (D:1)
  3 worms (D:2)
  8 leopard geckos
  5 orcs
  2 ball pythons
  9 giant cockroaches
  10 goblins
  5 hobgoblins
  5 jackals
  6 bats
  3 frilled lizards (D:2)
  10 kobolds
  6 rats
76 creatures vanquished.

Notes
Turn   | Place    | Note
-------+----------+-------------------------------------------
     0 | D:1      | tbskm the Draconian Transmuter began the quest for the Orb.
     0 | D:1      | Reached XP level 1. HP: 16/16 MP: 3/3
   104 | D:1      | Reached XP level 2. HP: 10/24 MP: 3/5
   560 | D:1      | Reached XP level 3. HP: 22/30 MP: 6/6
   855 | D:2      | Learned a level 3 spell: Spider Form
   858 | D:2      | Learned a level 2 spell: Sticks to Snakes
  1474 | D:2      | Reached XP level 4. HP: 31/37 MP: 7/7
  2084 | D:3      | Reached skill level 1 in Throwing
  2119 | D:3      | Reached skill level 4 in Unarmed Combat
  2525 | D:3      | Found an iron altar of Okawaru.
  2531 | D:3      | Became a worshipper of Warmaster Okawaru
  2796 | D:3      | Reached XP level 5. HP: 38/45 MP: 8/8
  2797 | D:3      | Found a sacrificial altar of Ru.
  2987 | D:4      | Found a burning altar of Makhleb.
  3031 | D:4      | Killed from afar by an orc priest

Levels and vault maps discovered:
D:1:      lightli_arrival_noodles, layout_basic, minmay_tripent
D:2:      layout_basic, first_ration
D:3:      layout_loops_cross, okawaru_ov_weapons_minmay,
          lemuel_coloured_pillars_altar
D:4:      layout_cave_pods, nicolae_overflow_crystal_walls, serial_park,
          serial_park_gazebo [serial_park_minivault_5x5_1],
          serial_park_tiny_pond

Skill      XL: |  1  2  3  4 |
---------------+-------------+-----
Fighting       | 2 3 |  3.2
Throwing       | 1 |  1.3
Unarmed Combat | 4 |  4.1
Dodging        | |  1.8
Spellcasting   | |  2.2
Transmutations | |  2.3
Poison Magic   | |  0.1

Action                   |  1- 3 |  4- 6 || total
-------------------------+-------+-------++-------
Melee: Unarmed           |   154 |   115 ||   269
       Tailslap          |    20 |    10 ||    30
       Kick              |     2 |     1 ||     3
       Punch             |     2 |       ||     2
 Cast: Beastly Appendage |     3 |     2 ||     5
       Spider Form       |       |     4 ||     4
  Use: Potion            |       |     1 ||     1
 Stab: Sleeping          |     3 |     1 ||     4
  Eat: Chunk             |     1 |     7 ||     8
Armor: Skin              |    35 |    28 ||    63
Dodge: Dodged            |    90 |    99 ||   189

Table legend:
 A = Non-vault XP
 B = Vault XP
 C = Vault XP percentage of total XP
 D = Non-vault monster count
 E = Vault monster count
 F = Vault count percentage of total count
                 A         B        C        D         E       F
            +---------+---------+-------+---------+---------+-------
      Total |     199 |       3 |   1.5 |      70 |       2 |   2.8
            +---------+---------+-------+---------+---------+-------
        D:1 |      42 |       3 |   6.7 |      20 |       2 |   9.1
        D:2 |      58 |       0 |   0.0 |      23 |       0 |   0.0
        D:3 |      95 |       0 |   0.0 |      25 |       0 |   0.0
        D:4 |       4 |       0 |   0.0 |       2 |       0 |   0.0
            +---------+---------+-------+---------+---------+-------
